 Dungeon Crawl Stone Soup version 0.26-a0-757-g626ac9e51a (webtiles) character file.

Game seed: 7904119762973157982

51 strifetoe the Chopper (level 3, 0/31 HPs)
             Began as a Hill Orc Fighter on Nov 7, 2020.
             Slain by a phantom (8 damage)
             ... on level 2 of the Dungeon.
             The game lasted 00:01:03 (574 turns).

strifetoe the Chopper (Hill Orc Fighter)             Turns: 574, Time: 00:01:04

Health: 0/31       AC:  6    Str: 19    XL:     3   Next: 81%
Magic:  3/3        EV:  7    Int:  8    God:
Gold:   30         SH:  9    Dex: 10    Spells: 2/2 levels left

rFire    . . .     SeeInvis .   a - +0 war axe
rCold    . . .     Faith    .   c - +0 kite shield
rNeg     . . .     Spirit   .   b - +0 scale mail
rPois    .         Reflect  .   (no helmet)
rElec    .         Harm     .   (no cloak)
rCorr    .         Rampage  .   (no gloves)
MR       .....                  (no boots)
Stlth    ..........             (no amulet)
HPRegen  0.10/turn              (no ring)
MPRegen  0.08/turn              (no ring)

@: mighty, attractive
A: no striking features
a: no special abilities


You were on level 2 of the Dungeon.
You visited 1 branch of the dungeon, and saw 2 of its levels.

You collected 30 gold pieces.

Inventory:

Hand Weapons
 a - a +0 war axe (weapon)
Armour
 b - a +0 scale mail (worn)
 c - a +0 kite shield (worn)
Scrolls
 i - a scroll of identify {unknown}
 j - a scroll of remove curse {unknown}
Potions
 e - a potion of brilliance {unknown}
 g - a potion of heal wounds {unknown}
 h - a potion of curing


   Skills:
 - Level 3.6 Fighting
 + Level 5.3 Axes
 - Level 3.2 Armour
 - Level 3.2 Shields


You had 2 spell levels left.
You didn't know any spells.
Your spell library was empty.

Dungeon Overview and Level Annotations

Branches:
Dungeon (2/15)

Altars:


Message History

You kill the ball python!
Unknown command.
Okay, then.
It was a potion of attraction.
You feel attractive to monsters. The phantom is pulled toward you!
You block the phantom's attack.
You feel very mighty all of a sudden.
The phantom hits you but does no damage.
Unknown command.
It was a potion of curing.
You feel better. The phantom hits you.
* * * LOW HITPOINT WARNING * * *
The phantom blinks!
Unknown command.
The phantom is pulled toward you! You block the phantom's attack.
You are too injured to fight recklessly!
You are too injured to fight recklessly!
You slash the phantom!
The phantom is almost destroyed.
The phantom hits you!
You die...

#..........# #.#.##
#.#.....##.###.#...
#.##.#..##........#
#.##.#..######.....
#.##....# #....#
#.####..######.#.##
#.# #.............
#.####..########.##
#.@W....# ##'##
######.## ##...#
#.# ##.....
#####W## #......
#......# #.......
#.........+.......
#........##.......
#........###......
#....>...# ##.....


You could see a phantom.

Vanquished Creatures
  2 adders (D:2)
  A shadow imp (D:2)
  An ooze (D:2)
  2 dart slugs (D:2)
  A ball python (D:2)
  3 giant cockroaches
  2 hobgoblins (D:2)
  A kobold (D:2)
  A quokka (D:2)
  A bat (D:1)
  A frilled lizard (D:2)
  2 rats (D:2)
18 creatures vanquished.

Notes
Turn   | Place    | Note
-------+----------+-------------------------------------------
     0 | D:1      | strifetoe the Hill Orc Fighter began the quest for the Orb.
     0 | D:1      | Reached XP level 1. HP: 19/19 MP: 1/1
    43 | D:1      | Reached skill level 3 in Axes
    63 | D:1      | You fall into a shaft and drop 1 floor!
    94 | D:2      | Reached XP level 2. HP: 26/26 MP: 2/2
   162 | D:2      | Reached skill level 4 in Axes
   291 | D:2      | Reached XP level 3. HP: 31/31 MP: 3/3
   339 | D:2      | Reached skill level 5 in Axes
   531 | D:2      | Noticed a phantom
   574 | D:2      | Slain by a phantom

Illustrated notes

Levels and vault maps discovered:
D:1:      mrwooster_arrival_statue_3, layout_loops_cross, serial_rivers,
          chequers_serial_rivers_small_a, chequers_serial_rivers_small_3,
          chequers_serial_rivers_small_b, chequers_serial_rivers_micro_a,
          chequers_serial_rivers_large_a, minmay_stone_trees_small,
          minmay_pentomino_r4
D:2:      layout_loops_corners, due_unseen_surprise

Skill      XL: |  1  2  3 |
---------------+----------+-----
Axes           | 3 4 5 |  5.3
Fighting       | |  3.6
Armour         | |  3.2
Shields        | |  3.2

Action                   || total
-------------------------++-------
Melee: War axe           ||    56
  Use: Potion            ||     3
Armor: Scale mail        ||    23
Dodge: Dodged            ||    18
Block: Kite shield       ||    28

Table legend: (Time is in decaauts)
 A = Elapsed time spent in this place.
 B = Non-inter-level travel time spent in this place.
 C = Inter-level travel time spent in this place.
 D = Time resting spent in this place.
 E = Time spent auto-exploring this place.
 F = Levels seen in this place.
 G = Mean time per level.
                   A        B        C        D        E       F      G
               +--------+--------+--------+--------+--------+-----+--------+
         Total |    593 |    593 |      0 |      0 |    429 |   2 |  296.5 |
       Dungeon |    593 |    593 |      0 |      0 |    429 |   2 |  296.5 |
               +--------+--------+--------+--------+--------+-----+--------+

Top non-repeatable levels by time:
     D:2: 528 daAuts
     D:1: 64 daAuts
